 Dungeon Crawl Stone Soup version 0.21.1-1-g345015fe64 (webtiles) character file.

637 Ivernyr the Covered (level 7, -1/50 HPs)
             Began as a Human Skald on May 2, 2018.
             Was a Follower of Nemelex Xobeh.
             Slain by an orc
             ... wielding a +0 flail
              (7 damage)
             ... on level 5 of the Dungeon.
             The game lasted 00:20:53 (6585 turns).

Ivernyr the Covered (Human Skald)                   Turns: 6585, Time: 00:20:54

Health: -1/50      AC:  7    Str: 12    XL:     7   Next: 80%
Magic:  10/10      EV: 12    Int: 13    God:    Nemelex Xobeh [*.....]
Gold:   168        SH:  0    Dex: 14    Spells: 5/10 levels left

rFire    . . .     SeeInvis .   a - +0 falchion
rCold    . . .     Gourm    .   (no shield)
rNeg     . . .     Faith    .   b - +0 leather armour
rPois    .         Spirit   .   g - +0 helmet
rElec    .         Reflect  .   k - +0 cloak
rCorr    .         Harm     .   (no gloves)
MR       .....                  m - +0 pair of boots
Stlth    +.........             (no amulet)
HPRegen  0.16/turn              (no ring)
MPRegen  0.12/turn              (no ring)

@: starving
A: no striking features
a: Renounce Religion


You were on level 5 of the Dungeon.
You worshipped Nemelex Xobeh.
Nemelex Xobeh was aware of your devotion.
You were starving.

You visited 1 branch of the dungeon, and saw 5 of its levels.
You also visited: Sewer.

You collected 168 gold pieces.

Inventory:

Hand Weapons
 a - a +0 falchion (weapon)
Armour
 b - a +0 leather armour (worn)
 g - a +0 helmet (worn)
 k - a +0 cloak (worn)
 m - a +0 pair of boots (worn)
Wands
 z - a wand of acid (4)
Scrolls
 e - 6 scrolls of teleportation
 f - a scroll of magic mapping {unknown}
 l - 2 scrolls of enchant weapon {unknown}
 o - 2 scrolls of amnesia {unknown}
 s - a scroll of enchant armour {unknown}
 t - a scroll of remove curse
 y - a scroll of fear {unknown}
Potions
 h - a potion of magic
 i - 4 potions of curing {unknown}
 j - a potion of brilliance {unknown}
 n - a potion of heal wounds {unknown}
 p - 2 potions of berserk rage
 q - a potion of agility
 r - 2 potions of might
 u - a potion of invisibility {unknown}
 v - a potion of flight {unknown}
 w - a potion of haste {unknown}
 x - a potion of degeneration {unknown}
 A - a potion of ambrosia {unknown}
Books
 c - a book of Battle

   Spells                             Type                      Level
   a - Infusion                       Charms                       1
   b - Shroud of Golubria             Charms/Translocation         2
   c - Song of Slaying                Charms                       2
   d - Spectral Weapon                Hexes/Charms                 3
   e - Regeneration                   Charms/Necromancy            3
Comestibles
 d - 4 rations


   Skills:
 - Level 2.0 Fighting
 + Level 4.0 Long Blades
 * Level 5.1 Armour
 - Level 2.0 Dodging
 - Level 2.0 Spellcasting
 + Level 4.6 Charms
 + Level 3.2 Invocations


You had 5 spell levels left.
You knew the following spells:

 Your Spells              Type           Power        Failure   Level  Hunger
a - Shroud of Golubria    Chrm/Tloc      #.........   19%         2    ###....
b - Song of Slaying       Chrm           ##......     8%          2    ###....
c - Infusion              Chrm           ##..         4%          1    ##.....


Dungeon Overview and Level Annotations

Branches:
Dungeon (5/15)
 Temple: D:4-7

Altars:
Fedhas
Gozag
Nemelex Xobeh
Ru
Sif Muna
Uskayaw
Wu Jian
Xom


Message History

The orc priest closely misses you. The orc barely misses you.
The orc hits you with a flail.
* * * LOW HITPOINT WARNING * * *
You closely miss the orc priest.
The orc priest is heavily wounded.
The orc priest looks braver for a moment.
The orc misses you. The orc hits you with a flail!
* * * LOW HITPOINT WARNING * * *
You hit the orc priest.
The orc priest is heavily wounded.
The orc priest hits you but does no damage.
The orc hits you but does no damage.
You hit the orc priest.
The orc priest is almost dead.
The orc barely misses you. The orc priest barely misses you.
You riposte.
You hit the orc priest but do no damage.
The orc priest is almost dead.
The orc hits you with a flail!
You die...
Your body glows slightly and disappears.

#....#
#....#
#.....
#....#
#$...#
#....#
#..oo#
#..@o####
#.......#..
##.?......#
#...##...#
#...####..
#.........
#...######
#...######
#.........


You could see an orc priest and 2 orcs.

Vanquished Creatures
  2 phantoms (D:4)
  3 hounds (D:4)
  Ijyb (D:3)
  2 centaur skeletons (D:4)
  A worker ant (D:3)
  5 adders
  A gnoll (D:3)
  An adder skeleton (D:4)
  3 worms
  6 dart slugs
  5 leopard geckos
  4 orcs (D:3)
  2 ball pythons
  6 giant cockroaches
  10 hobgoblins
  4 jackals (Sewer)
  2 quokkas
  16 bats
  5 frilled lizards
  13 goblins
  A jackal zombie (D:5)
  8 kobolds
  11 rats
112 creatures vanquished.

Vanquished Creatures (collateral kills)
  An ice beast (D:3)
  2 gnolls (D:3)
3 creatures vanquished.

Grand Total: 115 creatures vanquished

Notes
Turn   | Place    | Note
-------+----------+-------------------------------------------
     0 | D:1      | Ivernyr the Human Skald began the quest for the Orb.
     0 | D:1      | Reached XP level 1. HP: 16/16 MP: 3/3
    61 | D:1      | Reached XP level 2. HP: 11/22 MP: 5/5
   223 | D:1      | Learned a level 2 spell: Song of Slaying
   226 | D:1      | Learned a level 2 spell: Shroud of Golubria
   398 | D:1      | Reached skill level 2 in Armour
   405 | D:1      | Reached XP level 3. HP: 26/27 MP: 1/6
   825 | D:2      | Found a shimmering altar of Xom.
   831 | D:2      | Found a deep blue altar of Sif Muna.
   832 | D:2      | Found a sacrificial altar of Ru.
   833 | D:2      | Found a sparkling altar of Nemelex Xobeh.
   921 | D:2      | Became a worshipper of Nemelex Xobeh the Trickster
  1031 | D:2      | Received a gift from Nemelex Xobeh
  1166 | D:2      | Reached XP level 4. HP: 16/33 MP: 7/7
  2065 | D:3      | Found an ornate altar of the Wu Jian Council.
  2146 | D:3      | Reached skill level 1 in Invocations
  2214 | D:3      | Reached skill level 3 in Armour
  2244 | D:3      | Reached * piety under Nemelex Xobeh
  2249 | D:3      | Found a faded altar of an unknown god.
  2278 | D:3      | Found a glowing drain.
  2286 | Sewer    | Entered a sewer
  2300 | Sewer    | Reached XP level 5. HP: 26/38 MP: 5/8
  3182 | D:3      | Noticed Ijyb
  3219 | D:3      | Killed Ijyb
  3475 | D:3      | Noticed an ice beast
  3482 | D:3      | Killed an ice beast
  3482 | D:3      | Reached XP level 6. HP: 44/44 MP: 9/9
  3805 | D:3      | Reached skill level 4 in Armour
  4288 | D:2      | Found an opulent altar of Gozag.
  4334 | D:4      | Noticed a phantom
  4890 | D:4      | Noticed an enchanted dagger
  4890 | D:4      | Noticed a hand axe
  5223 | D:4      | Found a blossoming altar of Fedhas.
  5289 | D:4      | Found a sparkling altar of Nemelex Xobeh.
  5392 | D:4      | Killed a phantom
  5392 | D:4      | Reached XP level 7. HP: 7/50 MP: 5/10
  5719 | D:4      | Found a hide-covered altar of Uskayaw.
  6266 | D:4      | Reached skill level 5 in Armour
  6548 | D:5      | Entered Level 5 of the Dungeon
  6585 | D:5      | Slain by an orc

Skill      XL: |  1  2  3  4  5  6  7 |
---------------+----------------------+-----
Armour         | 2 3 4 5 |  5.1
Invocations    | 1 2 3 |  3.2
Long Blades    | 3 4 |  4.0
Charms         | 4 |  4.6
Fighting       | |  2.0
Dodging        | |  2.0
Spellcasting   | |  2.0

Action                   |  1- 3 |  4- 6 |  7- 9 || total
-------------------------+-------+-------+-------++-------
Melee: Falchion          |   109 |   362 |   105 ||   576
       Unarmed           |       |     4 |       ||     4
 Cast: Shroud of Golubri |     1 |    29 |     7 ||    37
       Song of Slaying   |       |     1 |       ||     1
Evoke: Deck              |       |     6 |       ||     6
       Wand              |       |    11 |       ||    11
  Use: Scroll            |     4 |     4 |       ||     8
 Stab: Sleeping          |     3 |       |       ||     3
       Distracted        |       |     1 |       ||     1
  Eat: Chunk             |       |    11 |     3 ||    14
       Ration            |       |     2 |       ||     2
Armor: Leather armour    |    35 |   200 |    48 ||   283
       Skin              |       |    14 |       ||    14
Dodge: Dodged            |    74 |   299 |    71 ||   444
       Rpst.: Falchion   |    22 |    95 |    20 ||   137
